Cogmind - Beta 16 @@@ ROGUE MODE // 2026.01.28 @ 13:54:17 Player: Legato Result: Self-destructed Performance ------------- Evolutions (5) 2500 Regions Visited (6) 1200 Robots Destroyed (45) 225 Value Destroyed (974) 974 Prototype IDs (18) 360 Alien Tech Used (0) 0 Bonus (730) 730 TOTAL SCORE: 5989 Bonus ------- Follower Combat Kills 172 Registered with UFD 300 Met Optimus in HQ 500 Friendly Fire -242 Cogmind --------- Core Integrity 738/1000 Matter 11/300 Energy 1/100 System Corruption 0% Temperature Cool (0) Movement Hovering (66) Location -5/Factory Parts ------- > --- POWER (2) -------- (None) > --- PROPULSION (5) --- Gyrokinetic Inverter Gyrokinetic Inverter > --- UTILITY (7) ------ (None) > --- WEAPON (3) ------- Heavy Phase Cannon Light Assault Rifle > --- INVENTORY (5) ---- Compact Matter Pod (0) Hardened Medium Armor Plating Peak State ------------ > --- POWER ------------ Improved Ion Engine Light Nuclear Core > --- PROPULSION ------- Gravmag System Cooled Aerolev Unit Cooled Aerolev Unit Cooled Aerolev Unit > --- UTILITY ---------- Enhanced Optical Array Improved Sensor Array Experimental Signal Interpreter Improved Targeting Computer > --- WEAPON ----------- Hypervelocity Gauss Rifle Magnetic Acceleration Cannon Subdweller Shrapnel Launcher > --- INVENTORY -------- Compact Matter Pod Beam Cannon Phase Cannon Light Assault Rifle Vortex Trap [Rating: 58] Favorites ----------- Power Improved Ion Engine Engine Improved Ion Engine Power Core Light Nuclear Core Propulsion Wheel Treads Light Treads Wheel Wheel Hover Unit Cooled Aerolev Unit Utility Large Storage Unit Device V3-11A's Pendant Storage Large Storage Unit Processor Improved Targeting Computer Hackware Hacking Suite Weapon Battle Cannon Energy Gun EM Pulse Gun Energy Cannon Beam Cannon Ballistic Gun Light Assault Rifle Ballistic Cannon Battle Cannon Launcher Subdweller Shrapnel Launcher Special Weapon Mining Laser Build | -11 -10 -10 -8 -8 -6 -5 ------- Run | Yrd Mat Sub Rec Scr Fac Fac Slots Evolved 10 | . . . . . 8 2 Power 1 | . . . . . 1 . Propulsion 3 | . . . . . 2 1 Utility 5 | . . . . . 4 1 Weapon 1 | . . . . . 1 . Parts Attached 51 | 7 10 6 . 3 17 8 Power 6 | 1 2 . . . 3 . Engine 5 | 1 2 . . . 2 . Core 1 | . . . . . 1 . Reactor . | . . . . . . . Propulsion 16 | 2 . 1 . 1 8 4 Treads 4 | 1 . 1 . 1 1 . Leg . | . . . . . . . Wheel 2 | 1 . . . . 1 . Hover 10 | . . . . . 6 4 Flight . | . . . . . . . Utility 14 | 2 4 1 . 2 4 1 Device 6 | 1 1 1 . 1 2 . Storage 4 | 1 3 . . . . . Processor 3 | . . . . 1 2 . Hackware 1 | . . . . . . 1 Protection . | . . . . . . . Artifact . | . . . . . . . Weapon 15 | 2 4 4 . . 2 3 Energy Gun 4 | 2 2 . . . . . Energy Cannon 4 | . 1 . . . 1 2 Ballistic Gun 3 | . 1 1 . . . 1 Ballistic Cannon 2 | . . 1 . . 1 . Launcher 1 | . . 1 . . . . Special Weapon 1 | . . 1 . . . . Impact Weapon . | . . . . . . . Slashing Weapon . | . . . . . . . Piercing Weapon . | . . . . . . . Special Melee Weapon . | . . . . . . . Unidentified Prototypes 2 | . . 1 . . 1 . Parts Lost 12 | . 2 . . . 2 8 Power 1 | . . . . . . 1 Propulsion 4 | . . . . . 1 3 Utility 3 | . . . . . 1 2 Weapon 4 | . 2 . . . . 2 Highest Loss Streak 7 | . 1 . . . 2 7 To Critical Strikes . | . . . . . . . Average Backups 11 | 4 9 13 14 12 4 3 Power 2 | . 2 3 3 3 1 . Propulsion 4 | 3 4 5 5 4 1 . Utility 2 | . . 2 3 2 1 1 Weapon 2 | . . 2 3 3 1 2 Tool/Special . | . . . . . . . Unused Backups 11 | . 2 3 . 1 3 2 Power 1 | . . . . . 1 . Propulsion 6 | . 2 1 . 1 2 . Utility 3 | . . 1 . . . 2 Weapon 1 | . . 1 . . . . Tool/Special . | . . . . . . . Average Slot Usage (%) 96 | . 98 100 100 99 83 51 Engine 13 | . 14 14 14 14 12 2 Treads 12 | . 14 14 14 14 5 . Wheel 12 | . 14 14 14 14 3 . Hover 1 | . . . . . 15 16 Device 11 | . 14 14 14 9 3 3 Storage 12 | . 14 14 14 14 2 . Processor 3 | . . . . 3 18 12 Energy Gun 2 | . 13 1 . . . . Energy Cannon 1 | . 10 . . . 5 . Ballistic Gun 2 | . 2 7 . . 3 3 Ballistic Cannon 8 | . . 5 14 14 6 2 Launcher 8 | . . 6 14 14 2 1 Special Weapon 1 | . . 6 . . . . Peak Build Rating 58 | 9 11 15 15 16 55 58 Average Rating 15 | 5 9 12 15 14 42 39 On Entrance 16 | . 9 9 15 15 15 54 Avg Prop Armor Cover (%) 11 | 12 12 11 12 11 11 . Naked Turns 22 | . . . . . . 22 Heaviest Build 48 | 14 32 40 39 40 48 35 Greatest Support 44 | 10 10 10 10 20 44 37 Greatest Overweight (x) 5 | 1 3 3 3 3 5 1 Average Overweight (x) 2 | . 1 3 3 2 . . Largest Inventory Capacity 15 | 8 15 15 15 15 15 5 Average Capacity 13 | 7 10 15 15 15 8 5 Most Carried 15 | 6 10 15 15 15 12 5 Average Carried 12 | 5 9 13 15 13 5 4 Final Capacity 15 | 8 15 15 15 15 5 5 Final Carried 15 | 6 10 15 15 13 4 2 Class Distribution -------------------- 91% | Mutant 4% | Bomber Dominant Class ---------------- Mutant | -10/Materials Mutant | -10/Subcaves Mutant | -8/Recycling Mutant | -8/Scraptown Bomber | -6/Factory Mutant | -5/Factory Resources | -11 -10 -10 -8 -8 -6 -5 ----------- Run | Yrd Mat Sub Rec Scr Fac Fac Matter Collected 932 | 270 75 156 50 113 165 103 Remotely . | . . . . . . . Salvage Created 1301 | 215 505 . 191 . 341 49 Parts 70 | 15 19 . 8 . 26 2 Haulers Intercepted 2 | . 2 . . . . . Recyclers Shooed 2 | . 1 . 1 . . . Parts Field Recycled . | . . . . . . . Retrieved Matter . | . . . . . . . Parts Self-Destructed 17 | . . 17 . . . . Prevented . | . . . . . . . Parts Restored . | . . . . . . . Kills | -11 -10 -10 -8 -8 -6 -5 ------- Run | Yrd Mat Sub Rec Scr Fac Fac Combat Hostiles Destroyed 26 | . 8 . 2 . 15 1 Guns 3 | . 3 . . . . . Cannons 10 | . 3 . . . 7 . AOE 13 | . 2 . 2 . 8 1 Classes Destroyed 13 | 3 4 . 3 . 2 1 Worker 6 | 2 1 . . . 3 . Builder 1 | . 1 . . . . . Tunneler 5 | 5 . . . . . . Hauler 2 | . 2 . . . . . Recycler 3 | 1 1 . 1 . . . Watcher 1 | . . . . . . 1 Swarmer 16 | . 3 . . . 13 . Grunt 5 | . 5 . . . . . Brawler 1 | . . . 1 . . . Duelist 1 | . . . . . 1 . Sentry 2 | . . . . . 1 1 Demolisher 1 | . . . 1 . . . Subdweller 1 | . . . 1 . . . Best Kill Streak 11 | 8 3 . 2 . 11 2 Combat Bots Only 9 | . 3 . 2 . 9 1 Max Kills in Single Turn 4 | 1 1 . 3 . 4 1 Gunslinging . | . . . . . . . Exploded 3 | . 1 . 2 . 3 1 Melee . | . . . . . . . Uniques/NPCs Destroyed . | . . . . . . . Combat | -11 -10 -10 -8 -8 -6 -5 -------- Run | Yrd Mat Sub Rec Scr Fac Fac Hostile Shots Fired 155 | . 18 8 . . 74 55 Missed 54 | . 2 3 . . 28 21 Hits 101 | . 16 5 . . 46 34 Projectile 101 | . 16 5 . . 46 34 Critical Strikes 1 | . . . . . 1 . Damage Taken 1990 | 46 314 31 15 . 715 869 Core 373 | . 39 . . . 72 262 Absorbed by Shields . | . . . . . . . Regen/Repaired (Parts) 2 | . . . . . 2 . Core Remaining (%) 91 | 100 . . . 84 91 . Volleys Fired 91 | 14 39 14 2 . 17 5 Largest 3 | 2 2 2 2 . 3 3 Hottest 133 | 80 100 100 73 . 133 117 Shots Fired 175 | 28 72 15 4 . 45 11 Gun 80 | 28 36 . . . 12 4 Cannon 70 | . 36 1 2 . 27 4 Launcher 12 | . . 1 2 . 6 3 Special 13 | . . 13 . . . . Kinetic 53 | . 1 2 4 . 35 11 Thermal 75 | 14 38 13 . . 10 . Explosive . | . . . . . . . Electromagnetic 47 | 14 33 . . . . . Robot Hit Streak 17 | 13 17 2 1 . 2 5 Robot Miss Streak 6 | 2 5 1 2 . 6 2 Penetration Max . | . . . . . . . Secondary Targets . | . . . . . . . Shots Hit Robots 80 | 21 37 1 1 . 13 7 Core Hits 57 | 9 16 . 9 . 21 2 Critical Kills . | . . . . . . . Critical Parts Destroyed . | . . . . . . . Critical Strikes . | . . . . . . . Melee Attacks . | . . . . . . . Impact . | . . . . . . . Slashing . | . . . . . . . Piercing . | . . . . . . . Sneak Attacks . | . . . . . . . Combat Hostiles . | . . . . . . . Follow-up Attacks . | . . . . . . . Damage Inflicted 2787 | 353 650 55 478 . 924 327 Guns 565 | 248 291 . . . 19 7 Cannons 730 | . 278 18 17 . 299 118 Explosions 1450 | 105 81 37 461 . 606 160 Melee . | . . . . . . . Ramming 42 | . . . . . . 42 Kinetic 1662 | . 8 55 478 . 836 285 Thermal 652 | 194 370 . . . 88 . Explosive . | . . . . . . . Electromagnetic 431 | 159 272 . . . . . Impact . | . . . . . . . Slashing . | . . . . . . . Piercing . | . . . . . . . Highest Corruption 1 | . . . . . 1 . Average Corruption 1 | . . . . . 1 . Corruption Purged . | . . . . . . . Corruption Blocked . | . . . . . . . Overload Shots . | . . . . . . . Overflow Damage 68 | . . . 8 . 32 28 Projectiles 23 | . . . . . . 23 Explosions 45 | . . . 8 . 32 5 Melee . | . . . . . . . Knockbacks 3 | . . 1 1 . 1 . Impact . | . . . . . . . Kinetic 3 | . . 1 1 . 1 . Secondary . | . . . . . . . Self-Inflicted Damage 257 | 47 74 . 16 . 88 32 Shots 9 | 2 2 . 1 . 3 1 Rammed 9 | . . . . . . 9 Targets Rammed 9 | . . . . . . 9 Kicked . | . . . . . . . Crushed . | . . . . . . . Highest Temperature 274 | 72 257 . 15 . 274 135 Average Temperature 67 | 34 68 . 10 . 94 72 Received Heat Transfer 165 | . 66 30 . . 24 45 Effects 1 | . . . . . 1 . Interference 1 | . . . . . 1 . Siege Activations . | . . . . . . . Martial Activations . | . . . . . . . Shielding Activations . | . . . . . . . Robots Disrupted . | . . . . . . . Combat Hostiles . | . . . . . . . Robots Corrupted . | . . . . . . . Combat Hostiles . | . . . . . . . Parts Fried 1 | . 1 . . . . . Impact Corruptions . | . . . . . . . Robots Melted . | . . . . . . . Combat Hostiles . | . . . . . . . Parts Melted 1 | . 1 . . . . . Heat Transferred 1202 | 300 717 . . . 185 . Parts Sabotaged . | . . . . . . . Parts Stolen . | . . . . . . . Parts Stripped . | . . . . . . . Power Chain Reactions 4 | 2 2 . . . . . Alert | -11 -10 -10 -8 -8 -6 -5 ------- Run | Yrd Mat Sub Rec Scr Fac Fac Maximum Alert Level 1 | . . . . . 1 1 Low Security (%) 91 | 100 100 . 100 . 90 34 Level 1 8 | . . . . . 9 65 Level 2 . | . . . . . . . Level 3 . | . . . . . . . Level 4 . | . . . . . . . Level 5 . | . . . . . . . High Security . | . . . . . . . Max Security . | . . . . . . . Peak Influence 359 | 15 77 . 124 . 359 256 Initial 170 | . . . 22 . . 170 Average 69 | 2 27 . 81 . 96 218 Influence Increases 1381 | 40 264 91 173 . 569 244 Destroy 0b10 Robot/C 680 | . 160 60 120 . 320 20 Destroy 0b10 Robot/NC 100 | 40 25 . 15 . 15 5 Destroy Leader 106 | . 44 . . . 50 12 Allied During Kill 40 | . . 16 18 . 6 . Trap Triggered on 0b10 10 | . . . . . . 10 Successful Hack 97 | . 13 . 5 . 64 15 Disable Machine 90 | . . . . . 60 30 Destroy Structure 93 | . 7 . 15 . 39 32 Partial Spotted 15 | . . . . . 15 . Lose Combat Pursuer 150 | . 15 15 . . . 120 Influence Decreases 1127 | 40 243 64 176 45 220 339 Entered New Map 261 | . . 11 26 45 . 179 Time Decay 651 | 40 223 18 130 . 160 80 Lost Part 120 | . 20 . . . 20 80 Lost Ally 95 | . . 35 20 . 40 . Squads Dispatched 7 | . 2 . . . 2 3 Investigation 3 | . 1 . . . . 2 Extermination . | . . . . . . . Reinforcement 3 | . 1 . . . 1 1 Assault . | . . . . . . . Garrison 1 | . . . . . 1 . Intercept . | . . . . . . . Searches Triggered . | . . . . . . . Construction Impeded 1 | . . . . . 1 . Haulers Reinforced . | . . . . . . . Active Scanning Responses . | . . . . . . . Cargo Convoy Interrupts . | . . . . . . . Stealth | -11 -10 -10 -8 -8 -6 -5 --------- Run | Yrd Mat Sub Rec Scr Fac Fac Distress Signals 1 | . 1 . . . . . Communications Jammed . | . . . . . . . Distress Signals . | . . . . . . . Times Spotted 68 | . 18 8 5 . 17 20 Peak Tracking Total 10 | . 3 4 3 . 6 10 Tactical Retreats 5 | . 1 1 . . . 3 Traps | -11 -10 -10 -8 -8 -6 -5 ------- Run | Yrd Mat Sub Rec Scr Fac Fac Traps Triggered 2 | . 1 . . . 1 . Indirectly . | . . . . . . . Trap Hack Attempts . | . . . . . . . Triggered . | . . . . . . . Disarmed . | . . . . . . . Reprogrammed . | . . . . . . . Reused 1 | . . . . . . 1 Traps Extracted . | . . . . . . . Installed 1 | . . . . . . 1 Triggered 1 | . . . . . . 1 Most Traps Carried 1 | . . . . 1 1 1 Machines | -11 -10 -10 -8 -8 -6 -5 ---------- Run | Yrd Mat Sub Rec Scr Fac Fac Machines Disabled 9 | . . 3 . . 4 2 Max in Single Turn 2 | . . 2 . . 2 2 Machines Repaired . | . . . . . . . Machines Dismantled . | . . . . . . . Machines Sabotaged . | . . . . . . . Overloaded Fab Kills . | . . . . . . . Hacking | -11 -10 -10 -8 -8 -6 -5 --------- Run | Yrd Mat Sub Rec Scr Fac Fac Machines Accessed 21 | . 9 . 2 4 3 3 Terminals 12 | . 7 . 2 . 1 2 Fabricators . | . . . . . . . Repair Stations 1 | . . . . . 1 . Recycling Units 2 | . 2 . . . . . Scanalyzers 1 | . . . . . . 1 Garrison Access 1 | . . . . . 1 . Total Hacks 59 | . 30 . 4 11 7 7 Successful 30 | . 12 . 2 11 3 2 Failed 27 | . 17 . 2 . 4 4 Catastrophic 7 | . 5 . 1 . . 1 Database Lockouts 2 | . 1 . . . . 1 Manual 24 | . 20 . 3 . 1 . Terminals 34 | . 24 . 4 . 2 4 Fabricators . | . . . . . . . Repair Stations 2 | . . . . . 2 . Recycling Units 6 | . 6 . . . . . Scanalyzers 3 | . . . . . . 3 Garrison Access 3 | . . . . . 3 . Terminal Hacks 21 | . 7 . 1 11 1 1 Record 10 | . . . . 10 . . Robot Analysis 1 | . . . . . 1 . Prototype ID Bank 2 | . 2 . . . . . Emergency Access Points 1 | . . . . . . 1 Locate Traps 1 | . 1 . . . . . Dispatch Records 1 | . 1 . . . . . Security Status 1 | . 1 . . . . . Zone Layout 3 | . 2 . 1 . . . Proto ID Catalog 1 | . . . . 1 . . Fabricator Hacks . | . . . . . . . Repair Station Hacks 2 | . . . . . 2 . Scan Component 1 | . . . . . 1 . Repair 1 | . . . . . 1 . Recycling Unit Hacks 2 | . 2 . . . . . Report Inventory 1 | . 1 . . . . . Retrieve Components 1 | . 1 . . . . . Scanalyzer 1 | . . . . . . 1 Retrieve Study 1 | . . . . . . 1 Garrison Access Hacks . | . . . . . . . Unauthorized Hacks 4 | . 3 . 1 . . . Terminals 2 | . 1 . 1 . . . Botnet 2 | . 1 . 1 . . . Fabricators . | . . . . . . . Repair Stations . | . . . . . . . Recycling Units 2 | . 2 . . . . . Monitor 1 | . 1 . . . . . Reject 1 | . 1 . . . . . Scanalyzers . | . . . . . . . Garrison Access . | . . . . . . . Data Cores Recovered . | . . . . . . . Used . | . . . . . . . Hacking Detections 17 | . 9 . 2 . 3 3 Full Trace Events 3 | . 1 . . . . 2 Feedback Events . | . . . . . . . Feedback Blocked . | . . . . . . . Robot Schematics Acquired . | . . . . . . . Robots Built . | . . . . . . . Authchips . | . . . . . . . Time . | . . . . . . . Total Robot Build Rating . | . . . . . . . Part Schematics Acquired . | . . . . . . . Parts Built . | . . . . . . . Authchips . | . . . . . . . Time . | . . . . . . . Total Part Build Rating . | . . . . . . . Part Studies Acquired 1 | . . . . . . 1 Parts Repaired 1 | . . . . . 1 . Time 8 | . . . . . 8 . Parts Recycled . | . . . . . . . Recycled Matter . | . . . . . . . Retrieved Matter . | . . . . . . . Retrieved Components 1 | . 1 . . . . . Parts Scanalyzed . | . . . . . . . Part Schematics Acquired . | . . . . . . . Parts Damaged . | . . . . . . . Bothacking | -11 -10 -10 -8 -8 -6 -5 ------------ Run | Yrd Mat Sub Rec Scr Fac Fac Used RIF Installer . | . . . . . . . Robots Hacked . | . . . . . . . Non-combat . | . . . . . . . Combat . | . . . . . . . Robot Hacks Applied . | . . . . . . . Relay Couplers Released . | . . . . . . . Fabnet Peak Effective % . | . . . . . . . Robots Rewired . | . . . . . . . Allies Hacked . | . . . . . . . Hacks Repelled . | . . . . . . . Allies | -11 -10 -10 -8 -8 -6 -5 -------- Run | Yrd Mat Sub Rec Scr Fac Fac Total Allies 6 | . . 6 . . . . Largest Group 6 | . . 6 4 2 2 . Highest-Rated Group 115 | . . 115 77 39 39 . Highest-Rated Ally 20 | . . 20 20 20 20 . Total Orders . | . . . . . . . Ally Attacks 33 | . . 12 14 . 7 . Total Damage 543 | . . 179 254 . 110 . Kills 8 | . . 3 4 . 1 . Allies Corrupted . | . . . . . . . Allies Melted . | . . . . . . . Intel | -11 -10 -10 -8 -8 -6 -5 ------- Run | Yrd Mat Sub Rec Scr Fac Fac Active Infowar (turns) 2908 | 12 676 276 . 1517 327 100 Optics 1944 | . . . . 1517 327 100 Sensors 735 | . 324 276 . . 102 33 Terrain 364 | 12 352 . . . . . Robot Analysis Total 1 | . . . . . 1 . Derelict Logs Recovered 3 | . . . . 3 . . Drone Launches . | . . . . . . . Drone Recoveries . | . . . . . . . Exploration | -11 -10 -10 -8 -8 -6 -5 ------------- Run | Yrd Mat Sub Rec Scr Fac Fac Turns Passed 5461 | 156 676 1499 279 2307 381 163 Spaces Moved 3983 | 105 422 1096 214 1448 448 250 Core 45 | 1 . . . . . 44 Treads 336 | . . . . 334 2 . Legs . | . . . . . . . Wheels 3025 | 104 422 1096 214 1114 75 . Hover 577 | . . . . . 371 206 Flight . | . . . . . . . Fastest Speed 31 | 50 95 125 125 125 31 38 Average Speed 120 | 93 106 125 125 153 61 47 Slowest Speed 320 | 95 125 125 125 250 320 98 Overloaded Moves 12 | . . . . . 12 . Propulsion Burnouts . | . . . . . . . Robots Hopped . | . . . . . . . Potential Cave-ins . | . . . . . . . Cave-ins Triggered . | . . . . . . . Exploration Rate (%) 43 | 4 77 61 43 93 15 10 Regions Visited 6 Branch Regions 3 Pre-discovered Areas 1 | . . . . 1 . . Known Exits Taken 1 | . . . . . 1 . Unknown Exits Taken 5 | 1 1 1 1 1 . . Scrap Searched 13 | . . 11 . 2 . . Spaces Dug . | . . . . . . . Terrain Destroyed 110 | 2 4 14 13 . 43 34 Melee . | . . . . . . . Projectile 1 | . . . . . 1 . AOE 109 | 2 4 14 13 . 42 34 Terrain Rammed . | . . . . . . . Walls Destroyed . | . . . . . . . Machines Disabled . | . . . . . . . Actions | -11 -10 -10 -8 -8 -6 -5 --------- Run | Yrd Mat Sub Rec Scr Fac Fac Total 4445 | 131 578 1183 222 1528 519 284 Wait 234 | . 88 51 5 72 18 . Move 3977 | 104 421 1095 213 1447 447 250 Hop . | . . . . . . . Pick Up 36 | 6 10 7 1 3 5 4 Fast Attach 23 | 7 1 1 . 1 8 5 Attach 12 | . 2 . . 1 6 3 Detach 1 | . . 1 . . . . Swap 26 | . 8 9 . 1 6 2 Drop 35 | . 9 5 1 3 12 5 Fire 91 | 14 39 14 2 . 17 5 Melee . | . . . . . . . Ram 9 | . . . . . . 9 Kick . | . . . . . . . Crush . | . . . . . . . Escape Stasis . | . . . . . . . Rewire . | . . . . . . . Trap 1 | . . . . . . 1 Miscellaneous . | . . . . . . . Route ------- -11/Scrapyard -10/Materials (discovered 4 exits: [*Mat x2] / [Min] / [*Sub]) -10/Subcaves -8/Recycling -8/Scraptown (discovered 2 exits: *Fac x2) -6/Factory (discovered 2 exits: *Fac x2) -5/Factory History --------- Turn | Location | Event 24 | -11/Scrapyard | Discovered new exit (range 15) 157 | -11/Scrapyard | Entered Materials 301 | -10/Materials | Build established: Mutant 396 | -10/Materials | Discovered new exit (range 16) 479 | -10/Materials | Discovered new exit (range 15) 479 | -10/Materials | Central database locked down 712 | -10/Materials | Discovered new exit (range 16) 827 | -10/Materials | Discovered new exit (range 4) 833 | -10/Materials | Entered Subcaves 834 | -10/Subcaves | Approached by a straggling Scientist 1021 | -10/Subcaves | Shifting Twisted Machinery released Sub. Shrapnel Launcher 1043 | -10/Subcaves | Shifting Twisted Machinery released Sub. Laser 1101 | -10/Subcaves | Visited triangular shrine 1109 | -10/Subcaves | Found Prototype Device 1109 | -10/Subcaves | Identified V3-11A's Pendant 1114 | -10/Subcaves | Befriended Subdweller 1569 | -10/Subcaves | Befriended Subdweller 1629 | -10/Subcaves | Befriended Subdweller 1629 | -10/Subcaves | Befriended Subdweller 1662 | -10/Subcaves | Shifting Twisted Machinery released Sub. Optics 1678 | -10/Subcaves | Shifting Twisted Machinery released Battle Cannon 1799 | -10/Subcaves | Befriended Subdweller 1957 | -10/Subcaves | Disturbed a concealed Subdweller 1959 | -10/Subcaves | Befriended Subdweller 2284 | -10/Subcaves | Discovered new exit (range 15) 2332 | -10/Subcaves | Entered Recycling 2332 | -8/Recycling | Accompanied by 4 allies 2576 | -8/Recycling | Scanned before Scraplab entrance 2595 | -8/Recycling | Entered Scraplab 2605 | -8/Recycling | Discovered new exit (range 3) 2611 | -8/Recycling | Entered Scraptown 2611 | -8/Scraptown | Accompanied by 2 allies 2696 | -8/Scraptown | Delivered V3-11A's Pendant to T0-NE2 in exchange for information 3122 | -8/Scraptown | Discovered new exit (range 13) 3166 | -8/Scraptown | Scanned Subdweller tech in exchange for log data 3167 | -8/Scraptown | Learned Factory interactive machine intel 3169 | -8/Scraptown | Learned Research non-interactive machine intel 3172 | -8/Scraptown | Learned location of Warlord (-5) 3244 | -8/Scraptown | Visited Shadow of the Wyrm 3327 | -8/Scraptown | Visited Red Mages 3432 | -8/Scraptown | Visited The Evicted 3528 | -8/Scraptown | Visited Science Testing Area 3538 | -8/Scraptown | Visited Symbiants 3569 | -8/Scraptown | Visited IN-MT5's Study 3597 | -8/Scraptown | Visited UFD Registry 3597 | -8/Scraptown | Registered with UFD as "Pipeslider" 3625 | -8/Scraptown | Visited Cave Peace 3729 | -8/Scraptown | Heard Great Nut preacher, LISTEN AND RECITE! 3918 | -8/Scraptown | Visited Science Guys 3974 | -8/Scraptown | Visited Curators Association 4041 | -8/Scraptown | Delivered Scrap Shield to a Scientist 4270 | -8/Scraptown | Visited LU-1G1's Boring Crew 4357 | -8/Scraptown | Visited Supply Room 4388 | -8/Scraptown | Visited Junk Repository 4413 | -8/Scraptown | Visited Cartography Club 4517 | -8/Scraptown | Discovered new exit (range 5) 4632 | -8/Scraptown | Visited Infowarlord's Domain 4643 | -8/Scraptown | Found Exp. Signal Interpreter 4672 | -8/Scraptown | Visited Scrap Suit Storage 4732 | -8/Scraptown | Visited A0-MCA Data Center 4740 | -8/Scraptown | Given a B- rating by A0-MCA 4825 | -8/Scraptown | Met Optimus 4825 | -8/Scraptown | Accepted into 0bPrime 4918 | -8/Scraptown | Entered Factory 4918 | -6/Factory | Accompanied by 2 allies 4918 | -6/Factory | Evolved 8 slots: Power x1, Propulsion x2, Utility x4, Weapon x1 4919 | -6/Factory | Loaded intel: 54 interactive machine locations 4986 | -6/Factory | Repaired Lgt. Assault Rifle 5103 | -6/Factory | Discovered new exit (range 22) 5128 | -6/Factory | Identified exit to Factory 5230 | -6/Factory | Garrison activated, responded to threat 5294 | -6/Factory | Discovered exit to Factory (range 15) 5299 | -6/Factory | Entered another Factory area 5299 | -5/Factory | Evolved 2 slots: Propulsion x1, Utility x1 5302 | -5/Factory | Destroyed 9 combat bots 5381 | -5/Factory | Central database locked down 5419 | -5/Factory | Released all parts (8) 5450 | -5/Factory | Lost 7 parts (1p2n2u2w) 5462 | -5/Factory | Self-destructed Last Messages --------------- 05416_ Slug penetrates Wall. 05416_ Gravmag System+ destroyed. 05417_ Sub. Shrapnel Launcher shoots sparks and powers down. 05418_ Hacking Suite destroyed. 05419_ Imp. Sensor Array destroyed. 05419_ Penetrated by Slug. 05419_ Released Lgt. Nuclear Core. 05419_ Released Exp. Signal Interpreter. 05419_ Released Imp. Targeting Computer. 05419_ Released Enh. Optical Array. 05419_ Released Cld. Aerolev Unit. 05419_ Released Linear Gravjet. 05419_ Released Broken Sub. Shrapnel Launcher. 05421_ Slug penetrates Wall. 05423_ Slug penetrates S-27 Virus. 05434_ O-24 Administrator: "IFF HANDSHAKE FAILED. SECURING TERMINAL." 05439_ ALERT: Hostiles spotted, dispatching reinforcements to Terminal F012. 05441_ Acquired Gyrokinetic Inverter. 05459_ Slammed into S-27 Virus. Map ----- +----------------------------------------------------+ | #?????????# # # = #????? | | #############?????????# """"""""" # + ##???? | | ??????????????????????# # # "###?? | | ??????????????????????# """"""""" # # " #?? | | ??????????????????????# # # " ##? | | ??????????????????????# ! # " " #? | | ??????????????????????############## "" """"## | | ??????????????????????????# + [ | | ??????????????????????????# ## ""## | | ??????????????????????????# #" #? | | ??????????????????????????# ?#" ##? | | ??????????????????????????# =?#" #?? | | ??????????????????????????# """" ??#" ? | | ??????????????????????????# """" ??#" " | | ??????????????????????????# """"???## " """ | | ??????????????????????????# """"????#""""""" """ | | ??????????????????????????#+###?????### ## """" | | ??????????????????????????# #?????????####?# """" | | ?????????????###########??# #??????????????# | | ?????????????# #### ####???????????# | | ?????????????# "" # #???????????# | | ?????????????# "" """o# #################+# | | ?????????????# "T """ # "" s | | ?????????????# "" """ s T | | ?????????????# "" "" # | | ?????????????# "" # @ #################+# | | ?????????????# # #?????????????? | | ?????????????############# ###???????????? | | ???????????????# # #?????????????# | | ???????????????# """ + +?????????????# * !!! | | ???????????????# "R" ! ! # #?????????????# !!! | | ???????????????# " " ! + #?????????????# !!! | | ???????????????# !! # #?????????????# | | ???????????????# # #?????????????# ! | | ???????????????#= ! + #?????????????# | | ???????????????# #####?????????????####### | | ???????????????###########???????????????????????? | | ?????????????????????????????????????????????????? | | ?????????????????????????????????????????????????? | | ?????????????????????????????????????????????????? | | ?????????????????????????????????????????????????? | | ?????????????????????????????????????????????????? | | ?????????????????????????????????????????????????? | | ?????????????????????????????????????????????????? | | ?????????????????????????????????????????????????? | | ?????????????????????????????????????????????????? | | ?????????????????????????????????????????????????? | | ?????????????????????????????????????????????????? | | ?????????????????????????????????????????????????? | | ?????????????????????????????????????????????????? | +----------------------------------------------------+ Best States ------------- Heat Dissipation 40 Energy Generation 21 Energy Capacity 430 Matter Stores 300 Matter Capacity 300 Sight Range 22 Robot Scan Range 15 Terrain Scan Range 16 Terrain Scan Density 10 Evasion (%) 57 Targeting Accuracy 6 Recoil Reduction 1 Offensive Hacking 10 Item Schematics ----------------- None Robot Schematics ------------------ None Fabricated ------------ Nothing Repaired ---------- Lgt. Assault Rifle | 97% | -6/Factory Studied --------- Gravmag System | -5/Factory | Hacked Alien Tech Used ----------------- None Achievements -------------- SUBSUB Challenges ------------ None Game ------ Seed MasterGammaBlade Manual? 0 Play Time 00:48:41 Cumulative 66.5 hours Start 2026.01.28 @ 13:07:35 End 2026.01.28 @ 13:54:17 Sessions 1 Manual Loads 0 Difficulty Rogue Special Mode None Game No. 72 Rogue 72 Adventurer 0 Explorer 0 Win Type - Total 1 Types 1/0/0/0/0/0/0/0/0/0 Lore% 47 Gallery% 46 Achievement% 34 Wizard Run 0 Options --------- Layout 0 ASCII 0 Keyboard 0 Movement Arrows Keybinds 1 Fullscreen 1 Font 18/X11 Map View 76x50 Zoom Use 0% Tactical HUD 1 Map Filters NONE Filters NONE Steam 1 RUN: 6e10bdca-e6f7-4f0b-97a9-e5ffec3cdb54